 Dungeon Crawl Stone Soup version 0.28.0-45-g0d030f2227 (webtiles) character file.

Game seed: 12352543180157342990

226 MisterFreud the Changer (level 5, -4/37 (41) HPs)
             Began as a Draconian Transmuter on Apr 13, 2022.
             Slain by Edmund
             ... wielding a +2 dire flail of draining
              (5 damage)
             ... on level 4 of the Dungeon.
             The game lasted 00:04:26 (3198 turns).

MisterFreud the Changer (Draconian Transmuter)      Turns: 3198, Time: 00:04:26

HP:   -4/37 (41)    AC:  2    Str: 12    XL:     5   Next: 69%
MP:   5/8           EV: 19    Int: 16    God:
Gold: 190           SH:  0    Dex: 16    Spells: 2/8 levels left

rFire   . . .      SeeInvis .     - Unarmed
rCold   + . .      Faith    .   (shield currently unavailable)
rNeg    . . .      Spirit   .   (armour unavailable)
rPois   x          Reflect  .   (helmet currently unavailable)
rElec   .          Harm     .   (cloak currently unavailable)
rCorr   .          Rampage  .   (gloves currently unavailable)
Will    .....                   (boots currently unavailable)
Stlth   +.........              (no amulet)
HPRegen 0.12/turn               p - ring of wizardry
MPRegen 0.11/turn               i - ring of protection from cold

@: spider-form, drained
A: venomous fangs, AC +5, tiny, unfitting armour, (cold-blooded)
a: End Transformation


You were on level 4 of the Dungeon.
You were a venomous arachnid creature.
You visited 1 branch of the dungeon, and saw 4 of its levels.
You also visited: Sewer.

You collected 190 gold pieces.

Inventory:

Missiles
 d - 7 poisoned darts
Armour
 e - a +0 pair of boots
 q - a scarf of repulsion (melded)
Jewellery
 i - a ring of protection from cold (right front leg)
 p - a ring of wizardry (left front leg)
Scrolls
 a - a scroll of summoning {unknown}
 b - a scroll of vulnerability {unknown}
 c - a scroll of magic mapping {unknown}
 l - 2 scrolls of fear {unknown}
 n - a scroll of noise {unknown}
Potions
 f - a potion of haste
 g - a potion of flight
 h - 2 potions of brilliance
 j - a potion of ambrosia
 k - a potion of lignification {unknown}
 m - a potion of mutation {unknown}
 o - a potion of heal wounds {unknown}


   Skills:
 - Level 2.0 Fighting
 - Level 2.3 Dodging
 - Level 3.4 Unarmed Combat
 - Level 2.4 Spellcasting
 * Level 4.9 Transmutations


You had 2 spell levels left.
You knew the following spells:

 Your Spells              Type           Power      Damage    Failure   Level
a - Beastly Appendage     Tmut           34%        N/A       4%          1
b - Wereblood             Tmut           17%        N/A       5%          2
c - Spider Form           Tmut/Pois      9%         N/A       19%         3

Your spell library contained the following spells:

 Spells                   Type           Power      Damage    Failure   Level
 Ice Form                 Ice/Tmut       9%         N/A       43%         4


Dungeon Overview and Level Annotations

Branches:
Dungeon (4/15)              Sewer (visited)
 Temple: D:4-7

Altars:

Shops:
D:4 *

Annotations:
D:4 Edmund


Innate Abilities, Weirdness & Mutations

You are a venomous arachnid creature.
You have poisonous fangs.
You are tiny and dextrous.
Your spellcasting is less reliable in this form.
Your armour is entirely melded.
You are incapable of wielding weapons or throwing items.
((Your plain brown scales are hard. (AC +5)))
You cannot fit into any form of body armour.
((You are cold-blooded and may be slowed by cold attacks.))


Message History

You hit the kobold.
You kill the kobold!
You closely miss the ball python. You claw the ball python.
The ball python is severely wounded.
The ball python bites you but does no damage.
The ball python grabs you. The ball python constricts you.
You closely miss the ball python. Your kick misses the ball python.
Your headbutt misses the ball python.
The ball python is severely wounded.
The ball python closely misses you. The ball python constricts you.
The ball python closely misses you. The ball python constricts you.
You closely miss the ball python. Your headbutt misses the ball python.
The ball python is severely wounded.
The ball python bites you but does no damage.
The ball python constricts you.
You barely miss the ball python. Your kick misses the ball python.
You headbutt the ball python.
You kill the ball python!
The kobold hits you with a +0 dagger.
You hit the kobold but do no damage. You claw the kobold.
You kill the kobold!
No target in view!
Edmund the Younger comes into view.
He is wielding a +2 dire flail of draining and wearing a +3 leather armour of fire resistance.
Edmund is nearby!
Edmund is nearby!
Casting: Beastly Appendage (safe; 1% risk of failure)
Confirm with . or Enter, or press ? or * to list all spells.
Your horns disappear.
Your talons disappear.
You turn into a venomous arachnid creature.
Your scarf of repulsion melds into your body.
The haze of the repulsion field disappears.
You hit Edmund but do no damage.
Edmund is poisoned.
Edmund hits you with a +2 dire flail of draining!
You feel drained.
You hit Edmund.
Edmund is lightly wounded.
Edmund hits you with a +2 dire flail of draining!
* * * LOW HITPOINT WARNING * * *
You feel drained.
You die...

.#######.#########...#
.......
...<..................
.......
......................
.......
..........?..........
.......
.....................
.......
.....................
.......
.....................
.......
............)........
...#+##
.........†.∩.s@......
...
.....................
..
....................
...................
.........(........
..................
..................
................


You could see Edmund (very poisoned).

Vanquished Creatures
  A hound (D:2)
  Jessica (D:3)
  A hell rat (Sewer)
  2 adders
  6 river rats (Sewer)
  An ufetubus (D:4)
  A worm (D:3)
  A dart slug (D:2)
  8 ball pythons
  12 endoplasms
  3 giant cockroaches
  7 goblins
  3 hobgoblins
  2 jackals (D:1)
  6 kobolds
  A bat (D:2)
  3 frilled lizards
  14 rats
73 creatures vanquished.

Notes
Turn   | Place    | Note
-------+----------+-------------------------------------------
     0 | D:1      | MisterFreud the Draconian Transmuter began the quest for
                  | the Orb.
     0 | D:1      | Reached XP level 1. HP: 16/16 MP: 3/3
   161 | D:1      | Found a faded altar of an unknown god.
   288 | D:1      | Reached XP level 2. HP: 23/23 MP: 3/5
   946 | D:2      | Reached XP level 3. HP: 27/29 MP: 4/6
  1430 | D:2      | Learned a level 2 spell: Wereblood
  1434 | D:2      | Learned a level 3 spell: Spider Form
  1716 | D:2      | Reached XP level 4. HP: 36/36 MP: 7/7
  2172 | D:3      | Identified the +5 dagger of the Pits of Slime {flame, rElec
                  | rN+ Stlth+}
  2220 | D:3      | Reached skill level 3 in Transmutations
  2253 | D:3      | Noticed Jessica
  2262 | D:3      | Killed Jessica
  2503 | D:3      | Found a glowing drain.
  2527 | Sewer    | Entered a sewer
  2541 | Sewer    | Reached XP level 5. HP: 23/41 MP: 5/8
  2684 | Sewer    | Reached skill level 4 in Transmutations
  3165 | D:4      | Found Utestapu's Assorted Antiques.
  3192 | D:4      | Noticed Edmund
  3198 | D:4      | HP: 1/39 [Edmund/+2 dire flail of draining (15)]
  3198 | D:4      | Slain by Edmund

Illustrated notes

Levels and vault maps discovered:
D:1:      scummos_arrival_hexagon, layout_rooms,
          hellmonk_ecumenical_altar_dog_temple, serial_glass, glass_columns_a,
          glass_columns_b, minivault_27
D:2:      layout_loops_ring, dk_vineyard_1
D:3:      layout_basic, portal_sewer_entry_a, uniq_jessica
D:4:      layout_basic, serial_shops, shop, small_statue_intersection,
          uniq_edmund

Skill      XL: |  1  2  3  4  5 |
---------------+----------------+-----
Dodging        | 2 |  2.3
Fighting       | 2 |  2.0
Transmutations | 3 4 |  4.9
Unarmed Combat | |  3.4
Spellcasting   | |  2.4

Action                   |  1- 3 |  4- 6 || total
-------------------------+-------+-------++-------
Melee: Unarmed           |    82 |   122 ||   204
       Kick              |    24 |    18 ||    42
       Headbutt          |     7 |    10 ||    17
       Tailslap          |    10 |     9 ||    19
       Punch             |       |     2 ||     2
 Cast: Beastly Appendage |    18 |    16 ||    34
       Spider Form       |       |     5 ||     5
  Use: Scroll            |       |     5 ||     5
 Stab: Sleeping          |       |     1 ||     1
Armor: Skin              |    12 |    25 ||    37
Dodge: Dodged            |    45 |    83 ||   128
